 Dungeon Crawl Stone Soup version 0.28-a0-413-gde365fb1df (webtiles) character file.

Game seed: 4059529984362481421

1116 heikuro the Shield-Bearer (level 8, -3/62 HPs)
             Began as a Formicid Fighter on Sept 8, 2021.
             Was a Believer of Kikubaaqudgha.
             Slain by a killer bee (5 damage)
             ... on level 5 of the Dungeon.
             The game lasted 00:09:05 (5342 turns).

heikuro the Shield-Bearer (Formicid Fighter)        Turns: 5342, Time: 00:09:06

Health: -3/62      AC:  6    Str: 22    XL:     8   Next: 60%
Magic:  10/12      EV: 11    Int:  9    God:    Kikubaaqudgha [**....]
Gold:   206        SH: 13    Dex: 10    Spells: 12/13 levels left

rFire   + . .      SeeInvis +   y - +4 short sword
rCold   . . .      Faith    .   e - +0 tower shield
rNeg    . . .      Spirit   .   q - +1 ring mail {rF+}
rPois   .          Reflect  .   (helmet unavailable)
rElec   .          Harm     .   (no cloak)
rCorr   .          Rampage  .   (no gloves)
Will    .....                   (no boots)
Stlth   ..........              (no amulet)
HPRegen 0.20/turn               z - +4 ring of evasion
MPRegen 0.13/turn               o - ring of wizardry

@: mighty, lethally poisoned (-3 -> -20), very slightly contaminated
A: permanent stasis, dig shafts and tunnels, antennae 3, four strong arms
a: Dig, Shaft Self, Renounce Religion, Receive Corpses


You were on level 5 of the Dungeon.
You worshipped Kikubaaqudgha.
Kikubaaqudgha was pleased with you.
You visited 1 branch of the dungeon, and saw 5 of its levels.

You collected 206 gold pieces.

Inventory:

Hand Weapons
 a - a +0 long sword
 y - a +4 short sword (weapon)
Armour
 e - a +0 tower shield (worn)
 q - a +1 ring mail of fire resistance (worn)
Jewellery
 j - a ring of ice
 o - a ring of wizardry (right hand)
 z - a +4 ring of evasion (left hand)
Wands
 t - a wand of acid (7)
 w - a wand of mindburst (18)
Scrolls
 g - 2 scrolls of magic mapping {unknown}
 i - 2 scrolls of enchant weapon {unknown}
 l - 3 scrolls of teleportation {unknown}
 n - a scroll of noise {unknown}
 p - a scroll of fog {unknown}
 r - 2 scrolls of fear {unknown}
 s - a scroll of enchant armour {unknown}
 u - 2 scrolls of identify
 x - a scroll of amnesia {unknown}
Potions
 b - 2 potions of cancellation
 c - 2 potions of brilliance
 d - 2 potions of might
 h - 2 potions of magic
 m - 2 potions of resistance
 v - 2 potions of ambrosia {unknown}


   Skills:
 + Level 5.3 Fighting
 + Level 5.2 Long Blades
 - Level 4.0 Armour
 * Level 7.0 Shields
 + Level 3.2 Spellcasting
 + Level 3.1 Necromancy


You had 12 spell levels left.
You knew the following spells:

 Your Spells              Type           Power      Damage    Failure   Level
a - Pain                  Necr           28%        1d5       28%         1

Your spell library contained the following spells:

 Spells                   Type           Power      Damage    Failure   Level
 Sublimation of Blood     Necr           3%         N/A       41%         2
 Corpse Rot               Necr/Air       N/A        N/A       61%         2
 Vampiric Draining        Necr           3%         2d6       63%         3


Dungeon Overview and Level Annotations

Branches:
Dungeon (5/15)
 Temple: D:4-7

Altars:
Kikubaaqudgha
Uskayaw


Innate Abilities, Weirdness & Mutations

You cannot be hasted, slowed, berserked, paralysed or teleported.
You can dig through walls and to a lower floor.
You have a pair of large antennae on your head. (SInv)
Your four strong arms can wield two-handed weapons with a shield.


Message History

You feel sick. You block the killer bee's attack. The killer bee misses you.
You block the killer bee's attack.
You puncture the killer bee!
You kill the killer bee!
Kikubaaqudgha accepts your kill.
You feel sick. You block the killer bee's attack.
The killer bee closely misses you.
You puncture the killer bee!
The killer bee is heavily wounded.
You feel sick. The killer bee stings you.
You are more poisoned.
The killer bee poisons you! You block the killer bee's attack.
You puncture the killer bee!
You kill the killer bee!
Kikubaaqudgha accepts your kill.
You feel very sick. You block the killer bee's attack.
The killer bee stings you.
* * * LOW HITPOINT WARNING * * *
You are lethally poisoned!
The killer bee poisons you!
Your Shields skill increases to level 7!
Okay, then.
You closely miss the killer bee.
* * * LOW HITPOINT WARNING * * *
You feel very sick. The killer bee stings you.
* * * LOW HITPOINT WARNING * * *
You are more poisoned.
The killer bee poisons you! The killer bee stings you.
* * * LOW HITPOINT WARNING * * *
Unknown command.
Unknown command.
Unknown command.
You puncture the killer bee!
The killer bee is almost dead.
* * * LOW HITPOINT WARNING * * *
You feel very sick. The killer bee stings you.
You die...
Kikubaaqudgha rasps: "You have failed me!
Welcome... death!"

########
########################
........
.......................>
.######
######@###############.
.######## #y# #.
.......)###### .y. #.
.####........##...! #.
.# #........##....# #.
.. +........##....# #.
.####........###'### #.
.#....######## #.# #.
.#.##.### #.


You could see 2 killer bees.

Vanquished Creatures
  A centaur zombie (D:5)
  Duvessa (D:5)
  An ogre (D:5)
  A scorpion (D:5)
  Dowan (D:5)
  3 killer bees (D:5)
  A bullfrog skeleton (D:5)
  2 jellies (D:5)
  Natasha (thrice) (D:3)
  Terence (D:3)
  2 iguanas
  An orc wizard (D:5)
  A howler monkey skeleton (D:5)
  A worm (D:5)
  5 dart slugs
  8 orcs (D:5)
  6 endoplasms
  2 giant cockroaches (D:1)
  4 goblins
  8 hobgoblins
  2 kobolds (D:1)
  2 quokkas
  7 ball pythons
  6 bats
  3 frilled lizards
  6 rats
79 creatures vanquished.

Vanquished Creatures (others)
  A fungus (D:2)
  9 plants (D:2)
10 creatures vanquished.

Grand Total: 89 creatures vanquished

Notes
Turn   | Place    | Note
-------+----------+-------------------------------------------
     0 | D:1      | heikuro the Formicid Fighter began the quest for the Orb.
     0 | D:1      | Reached XP level 1. HP: 18/18 MP: 1/1
   290 | D:1      | Reached XP level 2. HP: 24/24 MP: 2/2
   790 | D:1      | Reached XP level 3. HP: 29/29 MP: 3/3
  1197 | D:2      | Reached skill level 4 in Shields
  1556 | D:2      | Found a faded altar of an unknown god.
  1591 | D:2      | Became a worshipper of Kikubaaqudgha
  1591 | D:2      | Reached * piety under Kikubaaqudgha
  1591 | D:2      | Received a gift from Kikubaaqudgha
  1716 | D:2      | Reached XP level 4. HP: 36/37 MP: 4/4
  2388 | D:3      | Noticed Natasha
  2395 | D:3      | Killed Natasha
  2481 | D:3      | Learned a level 1 spell: Pain
  2676 | D:3      | Noticed Terence
  2686 | D:3      | Killed Terence
  2687 | D:3      | Reached XP level 5. HP: 36/42 MP: 5/5
  2832 | D:3      | Noticed Natasha
  2839 | D:3      | Killed Natasha
  3000 | D:3      | Noticed Natasha
  3003 | D:3      | Killed Natasha
  3052 | D:4      | Noticed a +0 short sword
  3052 | D:4      | Noticed a +0 falchion
  3052 | D:4      | Noticed a +0 spear
  3052 | D:4      | Noticed a +0 falchion
  3053 | D:4      | Noticed a +0 short sword
  3053 | D:4      | Noticed a +0 dagger
  3053 | D:4      | Noticed a +0 spear
  3054 | D:4      | Noticed a +0 dagger
  3058 | D:4      | Found a hide-covered altar of Uskayaw.
  3418 | D:4      | Reached XP level 6. HP: 48/48 MP: 7/7
  3606 | D:4      | Noticed an ogre
  3688 | D:5      | Entered Level 5 of the Dungeon
  3725 | D:5      | Reached skill level 1 in Spellcasting
  3725 | D:5      | Reached skill level 1 in Necromancy
  3847 | D:5      | Noticed an ogre
  3854 | D:5      | Killed an ogre
  4061 | D:5      | Noticed Dowan
  4062 | D:5      | Noticed Duvessa
  4074 | D:5      | Killed Duvessa
  4075 | D:5      | Reached skill level 5 in Shields
  4075 | D:5      | Reached XP level 7. HP: 15/55 MP: 9/9
  4088 | D:5      | Killed Dowan
  4388 | D:5      | Reached ** piety under Kikubaaqudgha
  4725 | D:5      | Reached skill level 5 in Fighting
  4725 | D:5      | Reached skill level 6 in Shields
  4725 | D:5      | Reached XP level 8. HP: 46/62 MP: 10/12
  4822 | D:5      | Reached skill level 5 in Long Blades
  5341 | D:5      | Reached skill level 7 in Shields
  5342 | D:5      | HP: 2/62 [poisoned by a killer bee]
  5342 | D:5      | Slain by a killer bee

Illustrated notes

Levels and vault maps discovered:
D:1:      dpeg_arrival_round_b, layout_basic, hangedman_abyss_or_decor_stabs,
          grunt_decor_fettered
D:2:      layout_basic, shapermc_ecumenical_altar_mp_ritualfount, serial_rivers,
          chequers_serial_rivers_small_a, chequers_serial_rivers_room_b,
          chequers_serial_rivers_small_3, chequers_serial_rivers_small_3,
          corexii_corridor_pit
D:3:      layout_loops_ring, uniq_natasha, uniq_terence
D:4:      layout_loops_ring, nicolae_uskayaw_en_pointe
D:5:      layout_basic, uniq_duvessa

Skill      XL: |  1  2  3  4  5  6  7  8 |
---------------+-------------------------+-----
Shields        | 4 5 6 7 |  7.0
Long Blades    | 3 4 5 |  5.2
Fighting       | 4 5 |  5.3
Armour         | 4 |  4.0
Spellcasting   | 1 2 3 |  3.2
Necromancy     | 1 2 3 |  3.1

Action                   |  1- 3 |  4- 6 |  7- 9 || total
-------------------------+-------+-------+-------++-------
Melee: Long sword        |   113 |   100 |    76 ||   289
       Short sword       |       |       |    32 ||    32
 Cast: Pain              |       |       |     1 ||     1
 Abil: Dig               |       |     1 |     1 ||     2
Evoke: Wand              |       |     2 |     2 ||     4
  Use: Scroll            |       |     7 |       ||     7
       Potion            |       |       |     5 ||     5
Armor: Scale mail        |    27 |       |       ||    27
       Chain mail        |    23 |    17 |       ||    40
       Ring mail         |       |    13 |    42 ||    55
Dodge: Dodged            |    29 |    26 |    38 ||    93
Block: Tower shield      |    68 |    55 |   108 ||   231
       Buckler           |     2 |       |       ||     2

Table legend: (Time is in decaauts)
 A = Elapsed time spent in this place.
 B = Non-inter-level travel time spent in this place.
 C = Inter-level travel time spent in this place.
 D = Time resting spent in this place.
 E = Time spent auto-exploring this place.
 F = Levels seen in this place.
 G = Mean time per level.
                   A        B        C        D        E       F      G
               +--------+--------+--------+--------+--------+-----+--------+
         Total |   5528 |   5380 |    148 |   1476 |   2678 |   5 | 1105.6 |
       Dungeon |   5528 |   5380 |    148 |   1476 |   2678 |   5 | 1105.6 |
               +--------+--------+--------+--------+--------+-----+--------+

Top non-repeatable levels by time:
     D:5: 1711 daAuts
     D:2: 1146 daAuts
     D:3: 1101 daAuts
     D:1: 1088 daAuts
     D:4: 480 daAuts
